 Dungeon Crawl Stone Soup version 0.31-a0-691-g409c26aa35 (webtiles) character file.

Game seed: 16679429942984527008

123 lunkers the Insei (level 5, -2/40 HPs)
             Began as a Meteoran Shapeshifter on Sept 6, 2023.
             Was an Initiate of Okawaru.
             Slain by a gnoll bouda
             ... wielding a +0 club
              (10 damage)
             ... on level 4 of the Dungeon.
             The game lasted 00:03:11 (1048 turns).

lunkers the Insei (Meteoran Shapeshifter)           Turns: 1048, Time: 00:03:11

Health: -2/40      AC:  6    Str: 15    XL:     5   Next: 55%
Magic:  6/6        EV: 10    Int: 17    God:    Okawaru [......]
Gold:   121        SH:  0    Dex: 16    Spells: 4/4 levels left

rFire   . .          .
                       - Unarmed
rCold   . . .        (no shield)
rNeg    . . .        g - +0 scale mail
rPois   .            (helmet currently unavailable)
rElec   .            (cloak currently unavailable)
rCorr   .            (gloves currently unavailable)
SInv    .            (boots currently unavailable)
Will    .....        (no amulet) Stlth
                     o - +6 ring of intelligence
HPRegen 0.26/turn    (no ring)
MPRegen 0.10/turn

%: no passive effects
@: beast-form, glowing
A: beast (slay +2), sense surroundings 1, otherworldly, glowing, explore regen
a: Begin Untransformation, Renounce Religion


You were on level 4 of the Dungeon.
You worshipped Okawaru.
Okawaru was noncommittal.
You were a hulking beast.
You visited 1 branch of the dungeon, and saw 4 of its levels.

You collected 121 gold pieces.

Inventory:

Hand Weapons
 e - a +5 trident
Missiles
 i - 6 curare-tipped darts
Armour
 a - a +0 animal skin
 g - a +0 scale mail (worn)
Jewellery
 o - a +6 ring of intelligence (left hand)
Talismans
 c - a beast talisman (active)
 d - a flux talisman
Scrolls
 k - a scroll of enchant weapon
 l - a scroll of identify
 m - a scroll of fear {unknown}
Potions
 b - a potion of lignification
 f - a potion of ambrosia
 h - a potion of curing {unknown}
 j - a potion of mutation {unknown}
 n - a potion of brilliance {unknown}
 p - a potion of resistance {unknown}


   Skills:
 - Level 1.1 Fighting
 - Level 2.1 Dodging
 * Level 5.9 Unarmed Combat
 + Level 4.7 Shapeshifting


You had 4 spell levels left.
You didn't know any spells.
Your spell library contained the following spells:

 Spells                   Type           Power      Damage    Failure   Level
 Blink                    Tloc           0%         N/A       83%         2
 Lesser Beckoning         Tloc           0%         N/A       83%         2
 Momentum Strike          Conj/Tloc      0%         3d8       83%         2


Dungeon Overview and Level Annotations

Branches:
Dungeon (4/15) Zot: 1361
 Temple: D:4-7

Altars:
Okawaru


Innate Abilities, Weirdness & Mutations

You are a hulking beast.
Your limbs bulge with bestial killing power. (Slay +2)
You passively map a small area around you.
You are easily found by Zot.
You glow in the dark.
You regain HP and MP as you explore.


Message History

The hound misses you. The hound bites you but does no damage.
Okay, then.
You barely miss the hound.
The hound is heavily wounded.
The hound bites you but does no damage.
You hit the hound but do no damage.
The hound is heavily wounded.
The gnoll is no longer moving quickly.
The hound bites you but does no damage.
You punch the hound!
You kill the hound!
Okawaru accepts your kill.
You hit the gnoll bouda.
The gnoll bouda is lightly wounded.
The gnoll is no longer moving quickly.
The gnoll bouda barks out a call to the hunt!
The gnolls pick up the pace!
You hit the gnoll bouda.
The gnoll bouda is heavily wounded.
The gnoll bouda hits you with a +0 club!
* * * LOW HITPOINT WARNING * * *
Okay, then.
You hit the gnoll bouda but do no damage.
The gnoll bouda is heavily wounded.
The gnoll bouda hits you but does no damage.
You closely miss the gnoll bouda.
The gnoll bouda is heavily wounded.
The gnoll bouda hits you with a +0 club.
* * * LOW HITPOINT WARNING * * *
You punch the gnoll bouda!
The gnoll bouda is almost dead.
The gnoll is no longer moving quickly.
The gnoll bouda prays to its god.
The gnoll bouda is healed somewhat.
You closely miss the gnoll bouda.
The gnoll bouda is heavily wounded.
You barely miss the gnoll bouda.
The gnoll bouda is heavily wounded.
The gnoll bouda hits you with a +0 club!
You die... * ######## , #ggggh.#

, #g####J#
..#########.#....#
,......ggg.g>.#.###
......Jg.wg......#
........##.....#.#
............#..#.#
,.......##...#..#.######
...............#<.....#


You could see a gnoll bouda, 4 gnolls and an endoplasm.

Vanquished Creatures
  A hound (D:4)
  4 adders
  A worm (D:2)
  4 dart slugs
  4 ball pythons
  4 bats
  3 endoplasms
  A giant cockroach (D:2)
  6 goblins
  2 hobgoblins
  3 jackals (D:2)
  4 quokkas
  4 frilled lizards
  5 kobolds
  4 rats
50 creatures vanquished.

Notes
Turn   | Place    | Note
-------+----------+-------------------------------------------
     0 | D:1      | lunkers the Meteoran Shapeshifter began the quest for the
                  | Orb.
     0 | D:1      | Reached XP level 1. HP: 16/16 MP: 2/2
    51 | D:1      | Reached XP level 2. HP: 11/23 MP: 3/3
    62 | D:1      | Reached skill level 4 in Unarmed Combat
   108 | D:1      | Reached XP level 3. HP: 13/28 MP: 4/4
   343 | D:2      | Found an iron altar of Okawaru.
   369 | D:2      | Became a worshipper of Warmaster Okawaru
   406 | D:2      | Reached XP level 4. HP: 34/35 MP: 5/5
   410 | D:2      | Reached skill level 5 in Unarmed Combat
   826 | D:3      | Reached XP level 5. HP: 34/40 MP: 6/6
  1048 | D:4      | Slain by a gnoll bouda

Illustrated notes

Levels and vault maps discovered:
D:1:      dpeg_arrival_short_road, layout_rooms,
          hellmonk_ecumenical_altar_watching_god
D:2:      layout_basic, basic_altar, hangedman_decor_push,
          chequers_serial_rivers_room_b
D:3:      minmay_angry_zag, layout_loops_corners, uniq_terence
D:4:      layout_basic, temple_pool_b, uniq_ijyb, uniq_pikel

Skill      XL: |  1  2  3  4 |
---------------+-------------+-----
Unarmed Combat | 4 5 |  5.9
Shapeshifting  | 4 |  4.7
Fighting       | |  1.1
Dodging        | |  2.1

Action                     |  1- 3 |  4- 6 || total
---------------------------+-------+-------++-------
  Melee: Unarmed           |    67 |    73 ||   140
         Punch             |     1 |       ||     1
    Use: Scroll            |     1 |     1 ||     2
 Armour: Animal skin       |    29 |       ||    29
         Scale mail        |    14 |    54 ||    68
  Dodge: Dodged            |    51 |    42 ||    93

Table legend: (Time is in decaauts)
 A = Elapsed time spent in this place.
 B = Non-inter-level travel time spent in this place.
 C = Inter-level travel time spent in this place.
 D = Time resting spent in this place.
 E = Time spent auto-exploring this place.
 F = Levels seen in this place.
 G = Mean time per level.
                   A        B        C        D        E       F      G
               +--------+--------+--------+--------+--------+-----+--------+
         Total |   1037 |    948 |     89 |      0 |    561 |   4 |  259.2 |
       Dungeon |   1037 |    948 |     89 |      0 |    561 |   4 |  259.2 |
               +--------+--------+--------+--------+--------+-----+--------+

Top non-repeatable levels by time:
     D:2: 387 daAuts
     D:3: 370 daAuts
     D:1: 192 daAuts
     D:4: 86 daAuts
